General information
- name: BNet
- type: Ladder team game (AT/RT)
- host: Battle.net
- saver: Heartbreaker
map: Cherryville
- players: 8
- length: 22:13
- speed: Fast
- version: 1.27 W3XP
- replay type: Public
» download(140 KB)
Players
team 1 (loser)

»
Bowser (
purple | 48 APM | 1029 actions | 21:32)
3 Tauren Chieftain
2 War Stomp
1 Endurance Aura
2 Pandaren Brewmaster
1 Breath of Fire
1 Drunken Haze
» actions
| Assign group hotkey | 20 | |
| Basic commands | 19 | |
| Build / train | 72 | |
| Enter build submenu | 15 | |
| Enter hero's abilities submenu | 5 | |
| Give item / drop item | 1 | |
| Right click | 498 | |
| Select / deselect | 195 | |
| Select group hotkey | 120 | |
| Use ability | 84 | |
1029 total
» units
| Peon | 15 | |
| Grunt | 5 | |
| Goblin Shredder | 3 | |
| Tauren | 2 | |
| Spirit Walker | 4 | |
29 total
» upgrades
| Berserker Strength | 1 | |
| Spirit Walker Training | 2 | |
| Pulverize | 1 | |
4 total
» buildings
| Orc Burrow | 5 | |
| Altar of Storms | 1 | |
| Barracks | 1 | |
| Voodoo Lounge | 1 | |
| Stronghold | 4 | |
| War Mill | 1 | |
| Fortress | 3 | |
| Spirit Lodge | 1 | |
| Great Hall | 2 | |
| Tauren Totem | 3 | |
22 total
» build order
00:21 Orc Burrow
01:10 Altar of Storms
01:28 Barracks
01:36 Orc Burrow
01:54 Voodoo Lounge
03:09 Stronghold
03:09 Stronghold
03:09 Stronghold
03:34 Orc Burrow
05:14 War Mill
05:47 Fortress
05:47 Fortress
05:48 Fortress
06:20 Spirit Lodge
06:49 Great Hall
07:33 Orc Burrow
09:11 Tauren Totem
09:12 Tauren Totem
10:30 Tauren Totem
13:20 Orc Burrow
16:38 Great Hall
» items
| Healing Salve | 3 | |
| Lesser Clarity Potion | 6 | |
| Boots of Speed | 2 | |
| Scroll of Regeneration | 1 | |
| Potion of Healing | 1 | |
| Tiny Great Hall | 1 | |
| Dust of Appearance | 1 | |
15 total
KITE-FLYING-NlG (
red | 59 APM | 1302 actions | 22:09)
2 Blademaster
1 Wind Walk
1 Critical Strike
» actions
| Assign group hotkey | 16 | |
| Basic commands | 93 | |
| Build / train | 53 | |
| Enter build submenu | 20 | |
| Enter hero's abilities submenu | 2 | |
| Right click | 476 | |
| Select / deselect | 187 | |
| Select group hotkey | 411 | |
| Use ability | 44 | |
1302 total
» units
| Peon | 16 | |
| Troll Batrider | 14 | |
| Wind Rider | 4 | |
| Raider | 2 | |
36 total
» upgrades
| Reinforced Defenses | 1 | |
| Liquid Fire | 1 | |
| Ranged Weapons | 2 | |
| Armor | 1 | |
| Melee Weapons | 1 | |
6 total
» buildings
| Altar of Storms | 1 | |
| Orc Burrow | 5 | |
| War Mill | 1 | |
| Voodoo Lounge | 1 | |
| Watch Tower | 7 | |
| Stronghold | 1 | |
| Fortress | 1 | |
| Great Hall | 1 | |
| Beastiary | 3 | |
21 total
» build order
00:06 Altar of Storms
00:20 Orc Burrow
00:50 War Mill
01:02 Voodoo Lounge
02:03 Watch Tower
02:20 Watch Tower
02:40 Watch Tower
03:21 Stronghold
03:27 Orc Burrow
03:49 Watch Tower
04:36 Watch Tower
04:37 Watch Tower
04:41 Watch Tower
05:19 Orc Burrow
05:45 Fortress
06:07 Orc Burrow
06:43 Great Hall
07:09 Beastiary
07:50 Beastiary
13:56 Beastiary
14:42 Orc Burrow
» items
| Healing Salve | 1 | |
| Lesser Clarity Potion | 1 | |
| Staff of Teleportation | 1 | |
| Potion of Lesser Invulnerability | 1 | |
| Tiny Great Hall | 1 | |
| Orb of Lightning | 1 | |
6 total
Heartbreaker (
blue | 56 APM | 1248 actions | 22:13)
6 Blademaster
3 Wind Walk
2 Critical Strike
1 Bladestorm
» actions
| Assign group hotkey | 70 | |
| Basic commands | 77 | |
| Build / train | 51 | |
| Enter build submenu | 17 | |
| Enter hero's abilities submenu | 6 | |
| Give item / drop item | 1 | |
| Remove unit from queue | 1 | |
| Right click | 605 | |
| Select / deselect | 229 | |
| Select group hotkey | 129 | |
| Use ability | 62 | |
1248 total
» units
| Peon | 10 | |
| Grunt | 4 | |
| Troll Batrider | 4 | |
| Goblin Shredder | 2 | |
| Goblin Sapper | 3 | |
23 total
» upgrades
| Ranged Weapons | 3 | |
| Troll Regeneration | 1 | |
| Reinforced Defenses | 1 | |
| Liquid Fire | 1 | |
| Armor | 1 | |
7 total
» buildings
| Orc Burrow | 4 | |
| Altar of Storms | 1 | |
| Barracks | 1 | |
| Voodoo Lounge | 1 | |
| Stronghold | 1 | |
| War Mill | 2 | |
| Great Hall | 1 | |
| Beastiary | 5 | |
| Fortress | 1 | |
17 total
» build order
00:13 Orc Burrow
00:52 Altar of Storms
00:54 Barracks
01:07 Orc Burrow
01:35 Voodoo Lounge
02:52 Stronghold
03:58 War Mill
04:26 Orc Burrow
04:51 Great Hall
05:26 Orc Burrow
06:18 Beastiary
06:19 Beastiary
07:37 Fortress
11:38 Beastiary
11:39 Beastiary
12:33 Beastiary
12:40 War Mill
» items
| Healing Salve | 5 | |
| Potion of Healing | 2 | |
| Potion of Mana | 1 | |
| Lesser Clarity Potion | 1 | |
| Scroll of Town Portal | 1 | |
| Orb of Lightning | 1 | |
11 total

»
EatTheApple (
green | 110 APM | 2166 actions | 19:41)
3 Blood Mage
2 Flame Strike
1 Banish
» actions
| Assign group hotkey | 7 | |
| Basic commands | 1 | |
| Build / train | 68 | |
| Enter build submenu | 49 | |
| Enter hero's abilities submenu | 3 | |
| Remove unit from queue | 2 | |
| Right click | 1031 | |
| Select / deselect | 221 | |
| Select group hotkey | 718 | |
| Use ability | 66 | |
2166 total
» units
| Peasant | 19 | |
| Goblin Shredder | 1 | |
| Gryphon Rider | 6 | |
26 total
» upgrades
| Storm Hammers | 1 | |
| Swords | 1 | |
| Armor | 1 | |
3 total
» buildings
| Altar of Kings | 1 | |
| Farm | 9 | |
| Scout Tower | 16 | |
| Arcane Tower | 1 | |
| Lumber Mill | 2 | |
| Keep | 3 | |
| Arcane Vault | 2 | |
| Guard Tower | 19 | |
| Gryphon Aviary | 2 | |
| Castle | 4 | |
| Blacksmith | 1 | |
| Town Hall | 1 | |
| Workshop | 2 | |
63 total
» build order
00:10 Altar of Kings
00:12 Farm
00:37 Scout Tower
01:07 Arcane Tower
01:52 Lumber Mill
01:57 Lumber Mill
02:24 Keep
02:24 Keep
02:24 Keep
03:04 Arcane Vault
03:25 Scout Tower
03:53 Guard Tower
03:56 Scout Tower
04:42 Guard Tower
04:42 Guard Tower
05:38 Gryphon Aviary
06:23 Arcane Vault
06:40 Farm
07:18 Farm
07:37 Gryphon Aviary
08:23 Castle
08:23 Castle
08:24 Castle
09:33 Scout Tower
09:58 Scout Tower
10:23 Guard Tower
10:24 Scout Tower
10:49 Blacksmith
10:57 Scout Tower
11:03 Guard Tower
11:03 Guard Tower
11:14 Farm
11:21 Scout Tower
11:23 Guard Tower
11:23 Guard Tower
11:29 Farm
11:44 Scout Tower
11:53 Guard Tower
12:19 Scout Tower
12:46 Scout Tower
13:03 Guard Tower
13:06 Scout Tower
13:21 Scout Tower
13:22 Guard Tower
13:23 Guard Tower
13:44 Farm
13:46 Farm
13:51 Guard Tower
13:55 Scout Tower
14:47 Scout Tower
14:48 Guard Tower
14:54 Town Hall
15:39 Guard Tower
15:39 Guard Tower
15:40 Farm
17:05 Farm
17:13 Scout Tower
17:45 Workshop
18:07 Workshop
» items
| Potion of Healing | 1 | |
| Potion of Mana | 2 | |
| Lesser Clarity Potion | 1 | |
| Staff of Sanctuary | 1 | |
5 total
team 2 (winner)

»
runefang24 (
pink | 47 APM | 593 actions | 12:38)
3 Blademaster
1 Wind Walk
2 Critical Strike
1 Shadow Hunter
1 Hex
» actions
| Assign group hotkey | 7 | |
| Build / train | 39 | |
| Enter build submenu | 15 | |
| Enter hero's abilities submenu | 4 | |
| Right click | 303 | |
| Select / deselect | 173 | |
| Select group hotkey | 7 | |
| Use ability | 45 | |
593 total
» units
» upgrades
| Pillage | 1 | |
| Armor | 2 | |
| Berserker Strength | 1 | |
| Melee Weapons | 1 | |
5 total
» buildings
| Barracks | 1 | |
| Orc Burrow | 4 | |
| Altar of Storms | 1 | |
| Stronghold | 1 | |
| War Mill | 1 | |
| Voodoo Lounge | 2 | |
| Watch Tower | 4 | |
14 total
» build order
00:07 Barracks
00:11 Orc Burrow
00:50 Altar of Storms
01:31 Orc Burrow
02:42 Orc Burrow
04:56 Stronghold
05:00 War Mill
05:06 Voodoo Lounge
05:10 Voodoo Lounge
05:54 Orc Burrow
07:26 Watch Tower
10:34 Watch Tower
10:35 Watch Tower
10:37 Watch Tower
» items
| Lesser Clarity Potion | 1 | |
| Healing Salve | 4 | |
| Scroll of Speed | 1 | |
| Potion of Lesser Invulnerability | 1 | |
| Scroll of Healing | 1 | |
| Scroll of Town Portal | 1 | |
9 total
Jz3o3 (
yellow | 40 APM | 479 actions | 12:04)
2 Priestess of the Moon
1 Searing Arrows
1 Trueshot Aura
» actions
| Assign group hotkey | 2 | |
| Basic commands | 2 | |
| Build / train | 57 | |
| Enter build submenu | 13 | |
| Enter hero's abilities submenu | 2 | |
| Remove unit from queue | 2 | |
| Right click | 289 | |
| Select / deselect | 96 | |
| Select group hotkey | 2 | |
| Use ability | 14 | |
479 total
» units
» upgrades
| Strength of the Moon | 2 | |
| Moon Armor | 2 | |
| Improved Bows | 1 | |
5 total
» buildings
| Altar of Elders | 1 | |
| Moon Well | 4 | |
| Ancient of War | 1 | |
| Ancient of Wonders | 1 | |
| Hunter's Hall | 1 | |
| Ancient Protector | 2 | |
| Tree of Ages | 1 | |
| Tree of Life | 1 | |
| Tree of Eternity | 1 | |
13 total
» build order
00:06 Altar of Elders
00:09 Moon Well
01:04 Ancient of War
01:40 Moon Well
01:49 Ancient of Wonders
02:26 Moon Well
03:11 Hunter's Hall
03:53 Moon Well
04:18 Ancient Protector
04:21 Ancient Protector
06:36 Tree of Ages
07:47 Tree of Life
09:16 Tree of Eternity
RuneSteel (
teal | 31 APM | 373 actions | 12:11)
2 Death Knight
1 Death Coil
1 Unholy Aura
» actions
| Assign group hotkey | 15 | |
| Basic commands | 11 | |
| Build / train | 40 | |
| Enter build submenu | 14 | |
| Enter hero's abilities submenu | 2 | |
| Right click | 110 | |
| Select / deselect | 116 | |
| Select group hotkey | 40 | |
| Use ability | 25 | |
373 total
» units
| Acolyte | 15 | |
| Ghoul | 4 | |
| Crypt Fiend | 10 | |
29 total
» upgrades
» buildings
| Graveyard | 1 | |
| Crypt | 2 | |
| Ziggurat | 9 | |
| Altar of Darkness | 1 | |
| Nerubian Tower | 1 | |
| Halls of the Dead | 1 | |
| Necropolis | 1 | |
| Tomb of Relics | 1 | |
| Spirit Tower | 5 | |
22 total
» build order
00:17 Graveyard
00:26 Crypt
00:45 Ziggurat
01:02 Altar of Darkness
01:22 Crypt
01:44 Nerubian Tower
02:13 Ziggurat
02:42 Ziggurat
05:08 Halls of the Dead
07:29 Ziggurat
07:31 Ziggurat
07:33 Ziggurat
07:35 Ziggurat
07:45 Necropolis
07:49 Tomb of Relics
08:27 Spirit Tower
08:36 Spirit Tower
09:28 Spirit Tower
10:00 Ziggurat
10:14 Ziggurat
10:52 Spirit Tower
12:01 Spirit Tower
abouttimeman (
orange | 99 APM | 2200 actions | 22:13)
5 Archmage
2 Summon Water Elemental
2 Brilliance Aura
1 Blizzard
1 Blood Mage
1 Flame Strike
» actions
| Assign group hotkey | 115 | |
| Basic commands | 20 | |
| Build / train | 207 | |
| ESC pressed | 3 | |
| Enter build submenu | 76 | |
| Enter hero's abilities submenu | 6 | |
| Give item / drop item | 5 | |
| Right click | 732 | |
| Select / deselect | 348 | |
| Select group hotkey | 513 | |
| Use ability | 175 | |
2200 total
» units
| Peasant | 11 | |
| Footman | 8 | |
| Goblin Shredder | 2 | |
| Goblin Sapper | 1 | |
| Gryphon Rider | 1 | |
| Wisp | 21 | |
| Dragonhawk Rider | 3 | |
| Sorceress | 1 | |
| Peon | 5 | |
53 total
» upgrades
| Masonry | 3 | |
| Swords | 3 | |
| Storm Hammers | 1 | |
| Animal War Training | 1 | |
| Spiked Barricades | 2 | |
| Armor | 3 | |
| Well Spring | 1 | |
| Reinforced Defenses | 1 | |
| Sorceress Training | 2 | |
| Cloud | 1 | |
18 total
» buildings
| Barracks | 1 | |
| Altar of Kings | 1 | |
| Farm | 9 | |
| Lumber Mill | 1 | |
| Arcane Vault | 1 | |
| Scout Tower | 17 | |
| Town Hall | 1 | |
| Arcane Tower | 10 | |
| Guard Tower | 35 | |
| Keep | 3 | |
| Blacksmith | 1 | |
| Gryphon Aviary | 2 | |
| Castle | 4 | |
| Spirit Tower | 13 | |
| Ziggurat | 8 | |
| Fortress | 4 | |
| Watch Tower | 24 | |
| Nerubian Tower | 9 | |
| Ancient Protector | 8 | |
| Arcane Sanctum | 1 | |
153 total
» build order
00:38 Barracks
00:42 Altar of Kings
00:51 Farm
01:06 Farm
01:33 Farm
01:54 Lumber Mill
02:11 Farm
02:36 Arcane Vault
02:59 Scout Tower
04:04 Town Hall
04:08 Scout Tower
04:10 Scout Tower
04:11 Scout Tower
04:12 Scout Tower
04:16 Arcane Tower
04:49 Guard Tower
04:49 Guard Tower
04:50 Guard Tower
04:50 Guard Tower
05:55 Keep
05:55 Keep
06:05 Guard Tower
06:05 Guard Tower
06:05 Guard Tower
06:06 Arcane Tower
06:06 Arcane Tower
06:06 Arcane Tower
06:31 Blacksmith
07:18 Scout Tower
07:19 Scout Tower
09:05 Guard Tower
09:05 Guard Tower
09:06 Guard Tower
09:12 Scout Tower
09:13 Scout Tower
09:16 Gryphon Aviary
09:17 Gryphon Aviary
09:19 Castle
09:19 Castle
09:19 Castle
09:28 Scout Tower
09:29 Scout Tower
09:30 Scout Tower
09:31 Scout Tower
09:32 Scout Tower
09:58 Guard Tower
09:58 Guard Tower
09:58 Guard Tower
10:04 Guard Tower
10:04 Guard Tower
10:04 Guard Tower
10:04 Guard Tower
10:05 Guard Tower
10:05 Guard Tower
10:09 Arcane Tower
10:09 Arcane Tower
10:09 Guard Tower
10:10 Guard Tower
10:10 Guard Tower
10:10 Guard Tower
12:54 Spirit Tower
12:54 Spirit Tower
12:54 Spirit Tower
12:56 Ziggurat
12:58 Ziggurat
12:59 Ziggurat
13:00 Ziggurat
13:01 Ziggurat
13:27 Fortress
13:27 Fortress
13:27 Fortress
13:28 Watch Tower
13:29 Watch Tower
13:30 Watch Tower
13:31 Watch Tower
13:42 Watch Tower
13:44 Watch Tower
13:45 Watch Tower
13:46 Watch Tower
13:48 Watch Tower
14:07 Spirit Tower
14:07 Spirit Tower
14:07 Spirit Tower
14:09 Nerubian Tower
14:09 Nerubian Tower
14:09 Nerubian Tower
14:12 Ziggurat
14:26 Ancient Protector
14:50 Watch Tower
14:56 Watch Tower
15:00 Watch Tower
15:03 Watch Tower
15:11 Ziggurat
15:12 Ziggurat
15:19 Nerubian Tower
15:19 Nerubian Tower
15:20 Nerubian Tower
15:24 Ancient Protector
15:51 Arcane Sanctum
15:57 Scout Tower
15:58 Scout Tower
15:59 Scout Tower
16:08 Farm
16:38 Watch Tower
16:38 Watch Tower
16:43 Watch Tower
16:46 Watch Tower
16:51 Guard Tower
16:51 Guard Tower
17:02 Watch Tower
17:13 Watch Tower
17:23 Spirit Tower
17:23 Spirit Tower
17:23 Spirit Tower
17:35 Ancient Protector
17:36 Ancient Protector
18:50 Watch Tower
18:54 Watch Tower
19:00 Watch Tower
19:15 Ancient Protector
19:16 Ancient Protector
19:18 Ancient Protector
19:21 Ancient Protector
20:15 Watch Tower
20:18 Watch Tower
21:18 Farm
21:19 Farm
21:21 Farm
21:22 Farm
» items
| Scroll of Regeneration | 1 | |
| Mechanical Critter | 2 | |
| Periapt of Vitality | 2 | |
| Tome of Retraining | 1 | |
| Staff of Teleportation | 2 | |
| Potion of Invisibility | 1 | |
| Boots of Speed | 1 | |
| Potion of Lesser Invulnerability | 1 | |
| Scroll of Town Portal | 1 | |
| Staff of Sanctuary | 2 | |
14 total
Chat log
(00:13 / All) KITE-FLYING-NlG: better call saul!!
(00:31 / All) abouttimeman: so far mike should've been the main character
(00:32 / All) runefang24: Dowton Abbey!!
(00:33 / All) KITE-FLYING-NlG: JIMMY JIMMY
(00:40 / All) Heartbreaker: finale got me madder than hell
(01:55 / Allies) Heartbreaker: gay peons
(01:59 / Allies) Heartbreaker: gay peon lumberjacks
(02:19 / Allies) Heartbreaker: were cutting in tandem, with one pegging the other
(02:44 / All) Heartbreaker: newbie blood mage alert
(03:22 / All) abouttimeman: retard green lol
(03:28 / All) abouttimeman: lvl 1 bm harass
(04:06 / Allies) Heartbreaker: reppair
(04:11 / Allies) Heartbreaker: nvm you already got one
(07:30 / Allies) KITE-FLYING-NlG: wood
(08:11 / Allies) KITE-FLYING-NlG: WOOD
(08:12 / Allies) KITE-FLYING-NlG: WOOD
(08:41 / All) KITE-FLYING-NlG: idiot allies wont give me 200 woood
(09:44 / Allies) Heartbreaker: who got second shreddar
(10:01 / Allies) Heartbreaker: lumber
(10:31 / Allies) Heartbreaker: green why would you get shredder
(10:35 / Allies) Heartbreaker: you just fucked your team
(10:55 / Allies) Heartbreaker: lumber
(10:56 / Allies) Heartbreaker: lumber
(10:57 / Allies) Heartbreaker: lumber
(11:30 / Allies) Heartbreaker: holy shit
(11:44 / Allies) Heartbreaker: you're fucking trash purple
(11:46 / Allies) Heartbreaker: 1600 lumber
(11:58 / Allies) Heartbreaker: can see why you aren't even 50%
(11:59 / Allies) Heartbreaker: fucking scrub
(12:07 / Allies) Heartbreaker: getting raped by heroes
(12:09 / All) abouttimeman: LOL
(12:16 / All) runefang24: wtf
(12:19 / All) Heartbreaker: this scrub has almost 2k lumbert won't share
(12:23 / All) abouttimeman: fucking pussies
(12:42 / All) Heartbreaker: wow
(12:42 / All) KITE-FLYING-NlG: wow
(12:44 / Allies) KITE-FLYING-NlG: wtf
(12:47 / All) abouttimeman: jesus christ
(12:52 / All) Heartbreaker: I have fucking 2 +9 claws
(12:53 / All) Heartbreaker: haste
(12:55 / All) Heartbreaker: pendant
(12:57 / All) Heartbreaker: and orb
(12:59 / All) Heartbreaker: almost level 6
(13:08 / All) abouttimeman: i got pendant, +9 gloves of haste and +3 agi boots
(13:10 / All) abouttimeman: on archmage
(14:15 / All) KITE-FLYING-NlG: i denied yellow all gamealwl
(14:18 / All) KITE-FLYING-NlG: he must habe bee pissed
(15:14 / Allies) Heartbreaker: filthy fucking noob
(15:41 / All) abouttimeman: Just leave noobs
(15:50 / All) Heartbreaker: green was in one of our games
(15:55 / All) Heartbreaker: probably saw bm harass then
(16:07 / All) Heartbreaker: just too stupid to realize it was effective beacuse the flamestrike was level 2
(16:10 / All) Heartbreaker: not level 1
(16:12 / All) Heartbreaker: fucking scrub
(16:14 / All) Heartbreaker: like purple
(16:42 / All) KITE-FLYING-NlG: out purple
(16:46 / Allies) Heartbreaker: idiot
(17:53 / All) KITE-FLYING-NlG: green and purp are mutes
(18:25 / Allies) EatTheApple: you fucking twat
(18:29 / All) KITE-FLYING-NlG: LOL!
(18:32 / Allies) Heartbreaker: do something about it bitch
(18:42 / All) KITE-FLYING-NlG: SHOULDNT HAVE TAKEN
(18:46 / All) KITE-FLYING-NlG: blues shredder
(18:49 / All) KITE-FLYING-NlG: even i know THAT
(19:03 / Allies) EatTheApple: maybe that nigga should have gootne it then y
(19:18 / All) KITE-FLYING-NlG: wrong answer now you pay the iron price
(19:19 / Allies) EatTheApple: i hope your kids never learn how to read
(19:23 / All) KITE-FLYING-NlG: WHAT IS DEAD MAY NEVER DIE
(19:37 / Allies) EatTheApple: house grayjoy is fucking trash just like you
(19:43 / All) KITE-FLYING-NlG: LOL!
(19:45 / All) abouttimeman: raped
(19:47 / All) KITE-FLYING-NlG: u see that rod
(19:50 / All) KITE-FLYING-NlG: what he said
(19:59 / All) KITE-FLYING-NlG: "house greyjob is fucking trash just like u"
(20:06 / All) KITE-FLYING-NlG: greyjoy*
(20:06 / All) abouttimeman: lol
(21:27 / All) Heartbreaker: kill his spirit walker
(21:29 / All) Heartbreaker: in teals base
(21:36 / All) KITE-FLYING-NlG: nice
(21:47 / All) Heartbreaker: who shall lose
(21:49 / All) KITE-FLYING-NlG: new accts?
(21:58 / All) KITE-FLYING-NlG: let the ring bearer decide
(21:58 / All) Heartbreaker: I think our team should lose
(22:00 / All) KITE-FLYING-NlG: rod?
(22:02 / All) abouttimeman: My team all pussed out too fast for me to remember anything about them
(22:04 / All) Heartbreaker: Our team lose
(22:06 / All) abouttimeman: I say your team
(22:07 / All) Heartbreaker: I asked for lumber
(22:09 / All) Heartbreaker: None was given
(22:11 / All) abouttimeman: cuz that guy stole shreder